DSL
DSL LOS ANGELES (A) ANGELS @ DSL PHILADELPHIA PHILLIES
04/25/2042
 
TOP OF THE 1ST
DSL Los Angeles (A) Angels batting - Pitching for DSL Philadelphia Phillies : RHP Cristián Nuece
Pitching: RHP Cristián Nuece
Batting: SHB Dani Vega 0-0: Ball
1-0: Foul Ball, location: 3SF
1-1: Called Strike
1-2: Ball
2-2: Ball
3-2: Base on Balls
Batting: RHB Jeff Kane 0-0: Bunted foul
0-1: Fly out, F8 (Flyball, 89M, EV 96.3 MPH)
Batting: LHB Mauro Aranda 0-0: Ball
1-0: Foul Ball, location: 3F
1-1: Swinging Strike
1-2: Ball
2-2: Strikes out swinging
Batting: RHB António Toro 0-0: Called Strike
0-1: DOUBLE (Flyball, 89D, EV 109.4 MPH)
Dani Vega to third
Runner from 3rd tries for Home, throw by RF and OUT! 9-4-2
Top of the 1st over - 0 runs, 1 hit, 0 errors, 1 left on base; DSL Los Angeles (A) 0 - DSL Philadelphia 0
BOTTOM OF THE 1ST
DSL Philadelphia Phillies batting - Pitching for DSL Los Angeles (A) Angels : RHP Raúl Antúnez
Pitching: RHP Raúl Antúnez
Batting: RHB Jonathan Taylor 0-0: Foul Ball, location: 2F
0-1: Ball
1-1: Swinging Strike
1-2: Foul Ball, location: 2LF
1-2: Foul Ball, location: 23F
1-2: Strikes out swinging
Batting: RHB Jim Cintrón 0-0: TRIPLE (Flyball, 89XD, EV 100.6 MPH)
Batting: LHB Jorge Elías 0-0: Ball
1-0: Ground out 4-3 (Groundball, 4, EV 78.1 MPH)
Batting: LHB Uolevi Jokela 0-0: Foul Ball, location: 5F
0-1: Foul Ball, location: 2F
0-2: Foul Ball, location: 2F
0-2: Foul Ball, location: 3SF
0-2: Strikes out swinging
Bottom of the 1st over - 0 runs, 1 hit, 0 errors, 1 left on base; DSL Los Angeles (A) 0 - DSL Philadelphia 0
TOP OF THE 2ND
DSL Los Angeles (A) Angels batting - Pitching for DSL Philadelphia Phillies : RHP Cristián Nuece
Batting: RHB Juan Contreras 0-0: Ball
1-0: Called Strike
1-1: Foul Ball, location: 2F
1-2: Ball
2-2: Strikes out looking
Batting: SHB José Colinas 0-0: Fly out, F3 (Line Drive, 3L, EV 71.9 MPH)
Batting: LHB Jamie Rowling 0-0: Ball
1-0: Ball
2-0: Ball
3-0: Called Strike
3-1: Foul Ball, location: 2F
3-2: Foul Ball, location: 2F
3-2: Strikes out swinging
Top of the 2nd over - 0 runs, 0 hits, 0 errors, 0 left on base; DSL Los Angeles (A) 0 - DSL Philadelphia 0
BOTTOM OF THE 2ND
DSL Philadelphia Phillies batting - Pitching for DSL Los Angeles (A) Angels : RHP Raúl Antúnez
Batting: RHB Juan Ruíz 0-0: Foul Ball, location: 3F
0-1: Ball
1-1: Called Strike
1-2: Ball
2-2: Strikes out swinging
Batting: RHB Stan Hickman 0-0: Ground out 4-3 (Groundball, 4, EV 78.1 MPH)
Batting: LHB Jeff King 0-0: Ball
1-0: Ball
2-0: Ball
3-0: Called Strike
3-1: Called Strike
3-2: Base on Balls
Batting: RHB Ljuba Jevtic 0-0: Foul Ball, location: 2F
0-1: Ball
1-1: Called Strike
1-2: Ball
2-2: Foul Ball, location: 9LSF
2-2: Ball
3-2: Strikes out swinging
Bottom of the 2nd over - 0 runs, 0 hits, 0 errors, 1 left on base; DSL Los Angeles (A) 0 - DSL Philadelphia 0
TOP OF THE 3RD
DSL Los Angeles (A) Angels batting - Pitching for DSL Philadelphia Phillies : RHP Cristián Nuece
Batting: SHB Luis Féliz 0-0: Swinging Strike
0-1: Foul Ball, location: 9LSF
0-2: Ball
1-2: Ball
2-2: Strikes out swinging
Batting: RHB Iván Hernández 0-0: Ball
1-0: Swinging Strike
1-1: Foul Ball, location: 2F
1-2: Foul Ball, location: 9LSFF
1-2: Strikes out looking
Batting: SHB Dani Vega 0-0: Ball
1-0: Fly out, F9 (Flyball, 9LS, EV 93.1 MPH)
Top of the 3rd over - 0 runs, 0 hits, 0 errors, 0 left on base; DSL Los Angeles (A) 0 - DSL Philadelphia 0
BOTTOM OF THE 3RD
DSL Philadelphia Phillies batting - Pitching for DSL Los Angeles (A) Angels : RHP Raúl Antúnez
Batting: LHB Jim Unknown 0-0: Called Strike
0-1: Ball
1-1: Foul Ball, location: 2F
1-2: Ball
2-2: Strikes out swinging
Batting: RHB Jonathan Taylor 0-0: Ball
1-0: Fly out, F7 (Flyball, 78M, EV 84.4 MPH)
Batting: RHB Jim Cintrón 0-0: Ball
1-0: Called Strike
1-1: Ball
2-1: Ball
3-1: Base on Balls
Batting: LHB Jorge Elías 0-0: Swinging Strike
0-1: Ground out 4-3 (Groundball, 4, EV 97.5 MPH)
Bottom of the 3rd over - 0 runs, 0 hits, 0 errors, 1 left on base; DSL Los Angeles (A) 0 - DSL Philadelphia 0
TOP OF THE 4TH
DSL Los Angeles (A) Angels batting - Pitching for DSL Philadelphia Phillies : RHP Cristián Nuece
Batting: RHB Jeff Kane 0-0: Swinging Strike
0-1: SINGLE (Groundball, 23, EV 68.8 MPH) (infield hit)
Batting: LHB Mauro Aranda 0-0: Ball
1-0: Ball
2-0: Ball
3-0: Base on Balls
Jeff Kane to second
Batting: RHB António Toro 0-0: Ball
1-0: Swinging Strike
1-1: Ball
2-1: Grounds into double play, 5-4-3 (Groundball, 56S, EV 86.3 MPH)
Jeff Kane to third
Batting: RHB Juan Contreras 0-0: Ball
1-0: Foul Ball, location: 2F
1-1: Ball
2-1: Foul Ball, location: 9LDF
2-2: Foul Ball, location: 3F
2-2: Strikes out swinging
Top of the 4th over - 0 runs, 1 hit, 0 errors, 1 left on base; DSL Los Angeles (A) 0 - DSL Philadelphia 0
BOTTOM OF THE 4TH
DSL Philadelphia Phillies batting - Pitching for DSL Los Angeles (A) Angels : RHP Raúl Antúnez
Batting: LHB Uolevi Jokela 0-0: Swinging Strike
0-1: SOLO HOME RUN (Flyball, 9D, EV 91.9 MPH), Distance : 356 ft
Batting: RHB Juan Ruíz 0-0: Ball
1-0: Ball
2-0: Swinging Strike
2-1: Foul Ball, location: 7LSF
2-2: Foul Ball, location: 7LSF
2-2: Foul Ball, location: 2F
2-2: Foul Ball, location: 3FF
2-2: Foul Ball, location: 2F
2-2: SOLO HOME RUN (Flyball, 89XD, EV 107.5 MPH), Distance : 392 ft
Batting: RHB Stan Hickman 0-0: Foul Ball, location: 2F
0-1: Ball
1-1: Swinging Strike
1-2: Strikes out swinging
Batting: LHB Jeff King 0-0: Ground out 1-3 (Groundball, 34S, EV 65.0 MPH)
Batting: RHB Ljuba Jevtic 0-0: Ball
1-0: Swinging Strike
1-1: Ball
2-1: Swinging Strike
2-2: Ball
3-2: Foul Ball, location: 2F
3-2: Strikes out swinging
Bottom of the 4th over - 2 runs, 2 hits, 0 errors, 0 left on base; DSL Los Angeles (A) 0 - DSL Philadelphia 2
TOP OF THE 5TH
DSL Los Angeles (A) Angels batting - Pitching for DSL Philadelphia Phillies : RHP Cristián Nuece
Batting: SHB José Colinas 0-0: Fly out, F7 (Line Drive, 7LS, EV 98.8 MPH)
Batting: LHB Jamie Rowling 0-0: Foul Ball, location: 25FF
0-1: Foul Ball, location: 7LDF
0-2: Foul Ball, location: 2F
0-2: Strikes out swinging
Batting: SHB Luis Féliz 0-0: Ball
1-0: Swinging Strike
1-1: Called Strike
1-2: Ball
2-2: Ball
3-2: Foul Ball, location: 2F
3-2: Strikes out looking
Top of the 5th over - 0 runs, 0 hits, 0 errors, 0 left on base; DSL Los Angeles (A) 0 - DSL Philadelphia 2
BOTTOM OF THE 5TH
DSL Philadelphia Phillies batting - Pitching for DSL Los Angeles (A) Angels : RHP Raúl Antúnez
Batting: LHB Jim Unknown 0-0: Swinging Strike
0-1: Called Strike
0-2: Foul Ball, location: 2F
0-2: Ground out 6-3 (Groundball, 6S, EV 91.3 MPH)
Batting: RHB Jonathan Taylor 0-0: Fly out, F3 (Popup, 3D, EV 53.1 MPH)
Batting: RHB Jim Cintrón 0-0: Called Strike
0-1: Swinging Strike
0-2: Ball
1-2: Foul Ball, location: 2F
1-2: Foul Ball, location: 2F
1-2: Ball
2-2: Strikes out swinging
Bottom of the 5th over - 0 runs, 0 hits, 0 errors, 0 left on base; DSL Los Angeles (A) 0 - DSL Philadelphia 2
TOP OF THE 6TH
DSL Los Angeles (A) Angels batting - Pitching for DSL Philadelphia Phillies : RHP Cristián Nuece
Batting: RHB Iván Hernández 0-0: Ball
1-0: Ball
2-0: Foul Ball, location: 7LSF
2-1: Swinging Strike
2-2: Ball
3-2: DOUBLE (Line Drive, 78D, EV 105.6 MPH)
Batting: SHB Dani Vega 0-0: Ball
1-0: Foul Ball, location: 3F
1-1: Foul Ball, location: 5FF
1-2: Fly out, F9 (Flyball, 89M, EV 94.4 MPH)
Batting: RHB Jeff Kane 0-0: Ball
1-0: Foul Ball, location: 2F
1-1: Ball
2-1: Foul Ball, location: 23F
2-2: Strikes out swinging
Batting: LHB Mauro Aranda 0-0: Called Strike
0-1: Ball
1-1: SINGLE (Groundball, 6MS, EV 68.1 MPH) (infield hit)
Iván Hernández to third
Batting: RHB António Toro 0-0: Ball
1-0: Called Strike
1-1: Called Strike
1-2: Strikes out looking
Top of the 6th over - 0 runs, 2 hits, 0 errors, 2 left on base; DSL Los Angeles (A) 0 - DSL Philadelphia 2
BOTTOM OF THE 6TH
DSL Philadelphia Phillies batting - Pitching for DSL Los Angeles (A) Angels : RHP Raúl Antúnez
Pitching: RHP Juan Muñíz
Batting: LHB Jorge Elías 0-0: Ground out U3 (Groundball, 3L, EV 105.6 MPH)
Batting: LHB Uolevi Jokela 0-0: Called Strike
0-1: Foul Ball, location: 5SF
0-2: DOUBLE (Groundball, 3L, EV 106.9 MPH)
Batting: RHB Juan Ruíz 0-0: Ball
1-0: Ball
2-0: Called Strike
2-1: Swinging Strike
2-2: Foul Ball, location: 9LSF
2-2: Ball
3-2: Base on Balls
Batting: RHB Stan Hickman 0-0: Ball
1-0: Foul Ball, location: 9LMF
1-1: Ball
2-1: Foul Ball, location: 3F
2-2: Strikes out swinging
Batting: LHB Jeff King 0-0: Ball
1-0: Ball
2-0: Foul Ball, location: 2F
2-1: Fly out, F4 (Popup, 34, EV 63.1 MPH)
Bottom of the 6th over - 0 runs, 1 hit, 0 errors, 2 left on base; DSL Los Angeles (A) 0 - DSL Philadelphia 2
TOP OF THE 7TH
DSL Los Angeles (A) Angels batting - Pitching for DSL Philadelphia Phillies : RHP Cristián Nuece
Batting: RHB Juan Contreras 0-0: Called Strike
0-1: Called Strike
0-2: Strikes out swinging
Pitching: RHP António Márquez
Batting: SHB José Colinas 0-0: SOLO HOME RUN (Flyball, 78XD, EV 99.4 MPH), Distance : 400 ft
Batting: LHB Jamie Rowling 0-0: Called Strike
0-1: Ball
1-1: Foul Ball, location: 25F
1-2: Strikes out swinging, 2-3 out at first.
Batting: SHB Luis Féliz 0-0: Called Strike
0-1: Ball
1-1: Foul Ball, location: 9LSF
1-2: Foul Ball, location: 9LSF
1-2: Foul Ball, location: 23F
1-2: Strikes out swinging
Top of the 7th over - 1 run, 1 hit, 0 errors, 0 left on base; DSL Los Angeles (A) 1 - DSL Philadelphia 2
BOTTOM OF THE 7TH
DSL Philadelphia Phillies batting - Pitching for DSL Los Angeles (A) Angels : RHP Juan Muñíz
Batting: RHB Ljuba Jevtic 0-0: Ball
1-0: Fly out, F8 (Flyball, 8RD, EV 110.6 MPH)
Batting: LHB Jim Unknown 0-0: Called Strike
0-1: Ball
1-1: Ball
2-1: Foul Ball, location: 2F
2-2: Ball
3-2: Foul Ball, location: 2F
3-2: Foul Ball, location: 5FF
3-2: Base on Balls
Pitching: RHP Pancho Valdés
Batting: RHB Jonathan Taylor 0-0: Ball
1-0: Called Strike
1-1: Fly out, F4 (Popup, 34D, EV 65.0 MPH)
Batting: RHB Jim Cintrón 0-0: Called Strike
0-1: Ball
1-1: Foul Ball, location: 9LMF
1-2: Ball
2-2: SINGLE (Flyball, 89S, EV 86.9 MPH)
Jim Unknown to second
Batting: LHB Jorge Elías 0-0: Called Strike
0-1: Ball
1-1: Foul Ball, location: 5F
1-2: Foul Ball, location: 9LDF
1-2: Strikes out swinging
Bottom of the 7th over - 0 runs, 1 hit, 0 errors, 2 left on base; DSL Los Angeles (A) 1 - DSL Philadelphia 2
TOP OF THE 8TH
DSL Los Angeles (A) Angels batting - Pitching for DSL Philadelphia Phillies : RHP António Márquez
Batting: RHB Iván Hernández 0-0: Called Strike
0-1: Swinging Strike
0-2: SINGLE (Line Drive, 8RS, EV 103.1 MPH)
Batting: SHB Dani Vega 0-0: Bunted foul
0-1: Sac Bunt to 15S - play at second, runner OUT! 1-6
Batting: RHB Jeff Kane 0-0: Ball
1-0: Foul Ball, location: 9LSF
1-1: Swinging Strike
1-2: Strikes out swinging
Batting: LHB Mauro Aranda 0-0: Swinging Strike
0-1: Fly out, F3 (Popup, 3L, EV 69.4 MPH)
Top of the 8th over - 0 runs, 1 hit, 0 errors, 1 left on base; DSL Los Angeles (A) 1 - DSL Philadelphia 2
BOTTOM OF THE 8TH
DSL Philadelphia Phillies batting - Pitching for DSL Los Angeles (A) Angels : RHP Pancho Valdés
Batting: LHB Uolevi Jokela 0-0: Called Strike
0-1: Ball
1-1: Foul Ball, location: 7LMF
1-2: Ball
2-2: Ball
3-2: Base on Balls
Batting: RHB Juan Ruíz 0-0: Ground out 4-3 (Groundball, 13, EV 88.1 MPH)
Uolevi Jokela to second
Batting: RHB Stan Hickman 0-0: Intentional Walk
Batting: LHB Jeff King 0-0: Grounds into double play, 4-6-3 (Groundball, 4, EV 88.8 MPH)
Bottom of the 8th over - 0 runs, 0 hits, 0 errors, 1 left on base; DSL Los Angeles (A) 1 - DSL Philadelphia 2
TOP OF THE 9TH
DSL Los Angeles (A) Angels batting - Pitching for DSL Philadelphia Phillies : RHP António Márquez
Pitching: RHP Ángelo Gonzáles
Pinch Hitting: LHB Juan Fabián 0-0: Ball
1-0: Called Strike
1-1: Ball
2-1: Foul Ball, location: 7LSF
2-2: Strikes out looking
Pinch Hitting: RHB Nelson Santos 0-0: Ball
1-0: Fly out, F5 (Popup, 56S, EV 81.3 MPH)
Batting: SHB José Colinas 0-0: Swinging Strike
0-1: Ball
1-1: Ball
2-1: Called Strike
2-2: Strikes out swinging
Top of the 9th over - 0 runs, 0 hits, 0 errors, 0 left on base; DSL Los Angeles (A) 1 - DSL Philadelphia 2
Wednesday, May 1st , 2024 - OOTP Baseball 24.10 Build 82